Map: Orbital Shipyard

Players

StarsKri - Winner!

  • Race: Protoss Protoss
  • League: Bronze

Seekr

  • Race: Zerg Zerg
  • League: Silver

VOD

Have the link to the VOD?

Description

Bronze Toss just looking to do better. Checking to see if my comp was good, if the reactions to what he was building were correct. Legacy of the Void is still weird to me and I want to get back into it.

Time

  • Played on: Feb. 15, 2016, 6:36 p.m.
  • Length: 12:16
Show
View Real Time Build Order
Export as new Build Order

StarsKri Protoss - Winner!

Build Orders:  

Get SALT Encoding   

  12  0:03  Probe (Chrono Boost)  
  13  0:16  Pylon  
  13  0:18  Probe (Chrono Boost)  
  14  0:29  Probe (Chrono Boost)  
  15  0:39  Gateway  
  15  0:43  Pylon  
  15  0:47  Probe (Chrono Boost)  
  16  1:04  Forge  
  16  1:26  Zealot  
  16  1:31  Cybernetics Core  
  18  1:34  Assimilator  
  18  1:54  Probe (Chrono Boost), Nexus  
  19  2:05  Photon Cannon, Probe (Chrono Boost)  
  20  2:18  Photon Cannon  
  20  2:23  Probe (Chrono Boost)  
  21  2:34  Probe (Chrono Boost)  
  22  2:41  Assimilator  
  22  2:44  Probe (Chrono Boost), Warp Gate (Chrono Boost)  
  22  2:48  Adept  
  25  3:04  Probe  
  25  3:05  Probe  
  27  3:16  Probe x2  
  29  3:24  Gateway  
  29  3:26  Probe  
  29  3:28  Probe, Gateway  
  31  3:35  Robotics Facility  
  31  3:37  Probe  
  32  3:42  Probe  
  32  3:47  Probe  
  33  3:49  Adept  
  36  3:58  Probe  
  37  4:04  Assimilator  
  37  4:06  Protoss Ground Armor Level 1  
  37  4:08  Probe  
  38  4:27  Observer  
  39  4:39  Stalker x3  
  39  4:42  Probe  
  46  4:55  Pylon  
  46  4:57  Pylon  
  46  5:11  Probe  
  46  5:12  Probe  
  40  5:21  Probe  
  40  5:23  Stalker x3  
  40  5:24  Probe  
  44  5:37  Probe  
  44  5:39  Gateway x2  
  45  5:45  Immortal  
  45  5:46  Probe  
  50  5:56  Stalker x2  
  50  5:57  Probe, Stalker  
  56  6:03  Nexus  
  57  6:07  Probe  
  58  6:14  Pylon  
  58  6:15  Pylon  
  58  6:20  Protoss Ground Weapons Level 1  
  58  6:25  Twilight Council  
  58  6:27  Adept x2  
  62  6:52  Adept x3  
  68  7:17  Adept x3  
  68  7:20  Immortal  
  78  7:27  Probe  
  79  7:38  Probe  
  80  7:48  Probe  
  81  7:52  Pylon  
  81  7:54  Pylon  
  81  7:56  Pylon  
  81  7:59  Probe  
  82  8:09  Probe  
  77  8:19  Stalker x5  
  61  8:47  Zealot  
  61  8:48  Zealot x4  
  69  8:51  Protoss Ground Armor Level 2 (Chrono Boost), Gateway  
  69  8:54  Charge  
  71  8:56  Gateway  
  71  8:58  Gateway  
  71  9:01  Pylon  
  71  9:03  Pylon  
  71  9:14  Zealot  
  71  9:15  Zealot x4  
  81  9:38  Pylon  
  81  9:49  Immortal  
  85  9:58  Stalker  
  85  9:59  Stalker x4  
  95  10:00  Stalker x2  
  99  10:19  Assimilator  
  99  10:23  Assimilator, Immortal  
  99  10:28  Stalker x2  
  99  10:29  Stalker x6  
  99  10:32  Photon Cannon  
  99  10:34  Photon Cannon  
  119  10:45  Dark Shrine  
  119  10:47  Probe  
  120  10:56  Zealot x5  
  120  10:57  Zealot x3, Probe  
  137  11:08  Probe  
  132  11:58  Dark Templar x2  
  132  11:59  Dark Templar x2  
  140  12:08  Pylon  
  140  12:09  Pylon  
  140  12:11  Pylon  
  140  12:12  Pylon  
  140  12:13  Pylon  
Show
View Real Time Build Order
Export as new Build Order

Seekr Zerg 

Build Orders: Pool First, Ravager All-In 

Get SALT Encoding   

  12  0:04  Drone  
  13  0:07  Drone  
  14  0:18  Overlord  
  14  0:23  Extractor  
  14  0:26  Drone  
  14  0:40  Spawning Pool  
  13  0:47  Drone x2  
  15  0:53  Drone  
  16  1:05  Drone  
  17  1:11  Drone  
  18  1:22  Overlord  
  18  1:27  Queen  
  20  2:07  Roach Warren  
  19  2:13  Extractor  
  19  2:15  Drone x3  
  21  2:48  Roach x3  
  21  2:49  Hatchery, Roach x2  
  30  3:18  Overlord x2  
  30  3:41  Ravager x4  
  34  3:44  Ravager  
  35  3:52  Roach  
  37  3:58  Overlord x3  
  37  4:05  Queen  
  37  4:07  Drone x2  
  41  4:17  Lair  
  41  4:32  Metabolic Boost  
  41  4:36  Zergling x4  
  43  4:43  Drone  
  43  4:44  Drone  
  45  4:58  Drone x3  
  34  5:55  Evolution Chamber  
  33  5:58  Evolution Chamber  
  33  6:01  Spire, Zergling x8  
  35  6:09  Glial Reconstitution  
  35  6:12  Drone  
  37  6:18  Drone  
  37  6:23  Zerg Ground Armor Level 1  
  37  6:25  Hatchery, Zerg Melee Weapons Level 1  
  36  6:42  Drone x4  
  36  6:43  Drone x5  
  45  6:52  Overseer, Spore Crawler  
  44  6:54  Overseer  
  44  7:08  Zergling x10  
  45  7:09  Zergling x2  
  41  7:29  Roach x3  
  51  7:30  Roach x3  
  53  7:41  Roach x3  
  53  7:42  Roach  
  61  7:58  Zergling x2  
  61  7:59  Zergling x2  
  61  8:03  Zergling x10  
  54  8:21  Zergling x10  
  45  8:37  Zerg Ground Armor Level 2  
  44  8:41  Zerg Missile Weapons Level 1  
  44  8:46  Zergling x10  
  49  9:04  Zergling x4  
  51  9:15  Hatchery  
  49  9:22  Queen  
  51  9:38  Roach  
  51  9:39  Roach x7  
  67  10:01  Hatchery  
  66  10:13  Overlord x2  
  66  10:14  Overlord  
  66  10:31  Corruptor x2  
  66  10:32  Corruptor  
  72  10:37  Queen  
  72  10:39  Drone x2  
  72  10:40  Drone x3  
  79  11:03  Infestation Pit  
  78  11:09  Roach x2  
  78  11:10  Roach  
  71  11:45  Zergling x16  
  71  11:46  Zergling x14  
Tags
 
Add a new tag
Caveats
  • Supply blocks, unpowered buildings, or Contaminate may cause inaccurate times.
  • Supply counts are checked every 10 seconds.